 Dungeon Crawl Stone Soup version 0.19-a0-179-g16b7179 (console) character file.

800 Lososik the Skirmisher (level 7, 0/84 HPs)
             Began as a Demonspawn Wanderer on May 23, 2016.
             Was an Initiate of Ru.
             Succumbed to a worker ant's poison
             ... on level 5 of the Dungeon.
             The game lasted 00:28:33 (5743 turns).

Lososik the Skirmisher (Demonspawn Wanderer)        Turns: 5743, Time: 00:28:34

Health: 0/84       AC: 23    Str: 13    XL:     7   Next: 59%
Magic:  9/9        EV:  2    Int: 21    God:    Ru [......]
Gold:   286        SH:  0    Dex: 12    Spells: 0 memorised, 9 levels left

rFire  . . .     SeeInvis .     C - -2 mace (curse)
rCold  . . .     Gourm    +     (armour currently unavailable)
rNeg   + + +     Faith    .     (no shield)
rPois  +         Spirit   .     (helmet currently unavailable)
rElec  .         Dismiss  .     (cloak currently unavailable)
rCorr  .         Reflect  .     (gloves currently unavailable)
SustAt .         Harm     .     (boots currently unavailable)
MR     .....     NoTele   +     b - amulet of the gourmand
Stlth  ++++......               h - -2 ring of strength (curse)
                                y - +3 ring of intelligence

@: brilliant, lethally poisoned (0 -> -3), tree-form, not resistant to hostile
enchantments, stealthy
A: (antennae 0), (icy blue scales 0), demonic guardian 1
a: Sacrifice Essence, Sacrifice Stealth, Sacrifice Words, Reject Sacrifices,
Renounce Religion


You were on level 5 of the Dungeon.
You worshipped Ru.
Ru was noncommittal.
You were full.
You were a tree.
You visited 1 branch of the dungeon, and saw 5 of its levels.

You collected 286 gold pieces.

Inventory:

Hand Weapons
 a - a +2 spear
 d - a +0 dagger
 C - a cursed -2 mace (weapon)
Armour
 c - a +0 robe (melded)
 s - a +0 cloak (melded)
Jewellery
 b - an amulet of the gourmand (around neck)
 g - an uncursed ring of flight
 h - a cursed -2 ring of strength (right branch)
 y - a +3 ring of intelligence (left branch)
Wands
 u - a wand of flame (16/48)
Scrolls
 k - a scroll of teleportation
 m - a scroll of identify
 p - a scroll of fear
 v - a scroll of fog
Potions
 e - a potion of agility
 i - a potion of cure mutation
 j - a potion of mutation
 x - 2 potions of flight
 z - a potion of might
Comestibles
 f - 4 bread rations
 l - 10 fruits
 o - 2 meat rations
 r - 3 beef jerkies
 B - a slice of pizza


   Skills:
 * Level 5.3 Fighting
 + Level 2.6 Polearms
 - Level 1.0 Throwing
 + Level 2.9 Armour
 + Level 2.9 Dodging
 + Level 4.3 Stealth
 - Level 1.6 Spellcasting
   Level 2.1 Necromancy
 + Level 1.3 Evocations


You had 9 spell levels left.
You didn't know any spells.

Dungeon Overview and Level Annotations

Branches:
Dungeon (5/15)
 Temple: D:4-7

Altars:
Elyvilon
Gozag
Pakellas
Qazlal
Ru
Trog
Yredelemnul

Annotations:
D:5 Prince Ribbit


Innate Abilities, Weirdness & Mutations

((You have a pair of small antennae on your head.))
((You are partially covered in icy blue scales. (AC +1)))
A weak demonic guardian rushes to your aid.


Message History

You feel sick. The worker ant bites you.
* * * LOW HITPOINT WARNING * * *
Drink which item? (? for menu, Esc to quit)
You turn into a tree.
Your +0 cloak melds into your body.
Your +0 robe melds into your body.
Your roots penetrate the ground.
* * * LOW HITPOINT WARNING * * *
You feel sick.
The worker ant bites you but does no damage.
You are alive.
You are brilliant.
You are lethally poisoned (1 -> -3).
You are a tree.
Your movement speed is average.
Your attack speed is quite slow.
Your base attributes are Str 15, Int 13, Dex 12.
You are not resistant to hostile enchantments.
You are stealthy.
Drink which item? (? for menu, Esc to quit)
Okay, then.
You hit the worker ant but do no damage.
The worker ant is lightly wounded.
You die...

▒∙▒∙▒▒▒∙∙∙∙∙∙∙∙∙∙■∙∙▒▒∙▒▒∙▒
▒∙∙∙▒▒▒▒∙∙∙∙▒▒▒▒▒∙∙▒∙▒
▒∙∙∙∙∙∙ ▒▒▒∙∙∙∙∙▒▒▒∙▒∙▒
∙∙∙∙∙∙∙▒∙▒ ▒∙▒▒▒∙▒▒▒∙▒∙▒▒
▒▒▒▒▒∙▒∙▒ ▒ ▒∙▒ ▒∙▒▒∙∙∙∙)∙
▒∙▒∙▒ ▒∙▒▒▒∙▒▒▒∙▒∙▒▒ ▒∙▒∙▒
▒∙∙∙∙∙∙∙∙∙∙∙∙∙ ▒∙▒∙▒
▒▒▒▒▒▒∙▒▒▒▒∙∙∙∙ ∙∙∙∙∙∙∙∙∙▒
▒∙▒∙▒ ▒▒▒▒▒▒▒∙∙▒ ▒∙▒∙∙ ▒∙∙▒
▒∙∙∙∙ ▒∙∙▒ ▒▒∙∙∙ ▒∙∙▒▒▒▒∙∙∙
▒▒▒▒∙∙∙∙▒▒∙∙∙


∙∙∙∙∙∙∙∙∙'∙∙∙∙ ▒∙▒▒▒▒▒▒▒▒▒▒▒▒∙((▒▒▒∙∙ ▒∙∙∙∙îa∙∙∙∙∙∙∙∙∙∙(∙)∙(
▒▒▒▒▒▒▒▒▒▒▒▒▒▒∙∙∙∙▒▒∙▒ ▒∙∙∙∙▒ ∙▒ ▒∙∙∙∙▒ ∙∙ ▒▒▒▒▒▒ ▒∙ ∙ ∙ ▒ You could see a
worker ant.

Vanquished Creatures
  The ghost of xvga the Insei, a novice OpTm (D:5)
  A phantom (D:4)
  A scorpion (D:4)
  2 hounds (D:4)
  An orc wizard (D:4)
  Jessica (D:3)
  2 iguanas (D:4)
  A worker ant (D:4)
  10 adders
  4 gnolls (D:2)
  4 worms
  3 dart slugs
  2 giant geckos (D:2)
  7 orcs
  3 bats
  4 giant cockroaches
  6 goblins
  6 hobgoblins
  13 jackals
  4 quokkas
  A giant gecko skeleton (D:5)
  2 giant newts (D:2)
  6 kobolds
  7 rats
92 creatures vanquished.

Vanquished Creatures (collateral kills)
  A centaur (D:5)
1 creature vanquished.

Vanquished Creatures (others)
  A quokka (D:2)
  A giant newt (D:2)
2 creatures vanquished.

Grand Total: 95 creatures vanquished

Notes
Turn   | Place    | Note
--------------------------------------------------------------
     0 | D:1      | Lososik the Demonspawn Wanderer began the quest for the Orb.
     0 | D:1      | Lososik set off with: a +2 spear, 2 potions of lignification, a +0 robe, a +0 dagger, a bread ration
     0 | D:1      | Reached XP level 1. HP: 18/18 MP: 2/2
    47 | D:1      | Ololoev: лососик
   270 | D:1      | Gained mutation: You are partially covered in icy blue scales. (AC +1) [demonic ancestry]
   270 | D:1      | Reached XP level 2. HP: 4/24 MP: 3/3
   856 | D:2      | Reached XP level 3. HP: 16/29 MP: 3/5
   885 | D:2      | Reached skill level 1 in Dodging
  1309 | D:2      | Reached skill level 1 in Polearms
  1573 | D:2      | Reached skill level 1 in Armour
  1596 | D:2      | Reached XP level 4. HP: 31/35 MP: 6/6
  1630 | D:2      | Found a sacrificial altar of Ru.
  1638 | D:2      | Became a worshipper of Ru the Awakened
  2157 | D:2      | Found an oddly glowing altar of Pakellas.
  2192 | D:2      | Found a white marble altar of Elyvilon.
  2335 | D:3      | Reached XP level 5. HP: 24/41 MP: 7/7
  2371 | D:3      | Noticed Jessica
  2374 | D:3      | Killed Jessica
  2825 | D:3      | Found a basalt altar of Yredelemnul.
  2899 | D:3      | Found a bloodstained altar of Trog.
  3208 | D:4      | Reached skill level 4 in Fighting
  3315 | D:4      | Gained mutation: You have a pair of small antennae on your head. [demonic ancestry]
  3315 | D:4      | Reached XP level 6. HP: 48/48 MP: 8/8
  4038 | D:5      | Entered Level 5 of the Dungeon
  4044 | D:5      | Noticed Prince Ribbit
  4145 | D:4      | Found an opulent altar of Gozag.
  4232 | D:4      | Gained mutation: A weak demonic guardian rushes to your aid. [demonic ancestry]
  4232 | D:4      | Reached XP level 7. HP: 30/55 MP: 9/9
  4431 | D:4      | Found a stormy altar of Qazlal.
  5274 | D:5      | Noticed xvga's ghost (novice OpTm)
  5283 | D:5      | HP: 1/55 [xvga's ghost (9)]
  5356 | D:5      | HP: 1/55 [xvga's ghost (7)]
  5450 | D:5      | Killed xvga's ghost
  5450 | D:5      | Reached skill level 5 in Fighting
  5450 | D:5      | Reached skill level 1 in Evocations
  5739 | D:5      | HP: 1/56 [worker ant (6)]
  5743 | D:5      | Succumbed to a worker ant's poison

Vault maps used:
D:1:      saegor_arrival_simple_e, st_stairs_1
D:2:      elyvilon_altar_4, nicolae_ru_sacrificial_ziggurat, grunt_pakellas_salt
D:3:      lemuel_crystal_altar, bloody_trog, uniq_jessica
D:4:      nicolae_gozag_cash_rules_everything_around_me, grunt_qazlal_clouds,
          first_bread
D:5:      okawaru_trees_2, lemuel_angel_altar, uniq_duvessa, uniq_prince_ribbit1

Skill      XL: |  1  2  3  4  5  6  7 |
---------------+----------------------+-----
Stealth        | 3 4 |  4.3
Dodging        | 1 2 |  2.9
Polearms       | 1 2 |  2.6
Armour         | 1 2 |  2.9
Fighting       | 4 5 |  5.3
Evocations     | 1 |  1.3
Throwing       | |  1.0
Spellcasting   | |  1.6
Necromancy     | |  2.1

Action                   |  1- 3 |  4- 6 |  7- 9 || total
-------------------------+-------+-------+-------++-------
Melee: Spear             |    95 |   304 |    34 ||   433
       Mace              |       |       |    43 ||    43
Evoke: Wand              |       |       |    32 ||    32
  Use: Potion            |     1 |     5 |     3 ||     9
       Scroll            |       |       |    12 ||    12
 Stab: Sleeping          |     6 |     7 |       ||    13
       Distracted        |     1 |       |       ||     1
  Eat: Chunk             |     2 |     9 |    10 ||    21
Armor: Robe              |    13 |    46 |    18 ||    77
       Skin              |    10 |     4 |     1 ||    15
Dodge: Dodged            |    50 |   123 |    52 ||   225
